[ AOE2 MATCH · #506883000 ]
UnrankedTupi vs Mongols
Player's team · LOSS
Rival team · WIN
[ REPLAY ANALYSIS · EXTRACTED FROM THE RECORDED GAME ]
Feudal
10:02
Castle
21:46
Imperial
39:11
| APM avg | 53.2 |
| APM peak | 108 |
| eAPM avg | 36.4 |
| Villagers / military | 182 / 19 |
Focus
⚔️ 43.2% · 🌾 56.8%
Unknown (2550) ×86 · Scorpion ×10 · Trebuchet (Packed) ×5 · Monk ×3 · Mangonel ×1
Feudal
7:38
Castle
23:59
Imperial
43:03
| APM avg | 64.8 |
| APM peak | 109 |
| eAPM avg | 22.6 |
| Villagers / military | 177 / 158 |
Focus
⚔️ 39.9% · 🌾 60.1%
Scout Cavalry ×59 · Mangudai ×43 · Archer ×29 · Cavalry Archer ×9 · Monk ×4 · Mangonel ×4
Match map
Initial resources + every placement click. Lines = walls · curves = elevation contours. ◆ gold · ⬟ stone · ● berries · ✦ relic · ◌ wall gap
Your base· Open — 8t gap
DK | Mauseren's base· Open — unwalled flank
Smoothed initial terrain · ◌ = detected wall gap · hover for details
Inputs per minute
— Lina - - DK | Mauseren
Build order — Lina
First 150 of 469 actions detected
| 0:01 | Create | Villager (Male) |
| 0:01 | Create | Villager (Male) |
| 0:04 | Build | House |
| 0:10 | Create | Villager (Male) |
| 0:11 | Create | Villager (Male) |
| 0:22 | Create | Unit 2550 |
| 0:58 | Create | Villager (Male) |
| 1:20 | Build | Settlement |
| 1:33 | Create | Villager (Male) |
| 2:02 | Create | Villager (Male) |
| 2:02 | Create | Villager (Male) |
| 2:28 | Create | Villager (Male) |
| 2:50 | Create | Villager (Male) |
| 2:50 | Create | Villager (Male) |
| 2:53 | Create | Unit 2550 |
| 3:02 | Build | House |
| 3:14 | Create | Villager (Male) |
| 3:23 | Build | Palisade Wall |
| 3:37 | Build | Outpost |
| 3:39 | Create | Villager (Male) |
| 4:00 | Create | Villager (Male) |
| 4:00 | Create | Villager (Male) |
| 4:26 | Research | Loom |
| 4:27 | Create | Villager (Male) |
| 4:27 | Create | Villager (Male) |
| 4:48 | Build | Settlement |
| 4:56 | Create | Villager (Male) |
| 5:05 | Build | House |
| 5:10 | Create | Villager (Male) |
| 5:20 | Create | Villager (Male) |
| 5:32 | Create | Unit 2550 |
| 5:33 | Create | Villager (Male) |
| 5:50 | Create | Villager (Male) |
| 6:05 | Create | Villager (Male) |
| 6:14 | Create | Villager (Male) |
| 6:23 | Create | Villager (Male) |
| 6:35 | Create | Villager (Male) |
| 7:19 | Create | Villager (Male) |
| 7:46 | Create | Villager (Male) |
| 7:52 | Research | Feudal Age |
| 8:04 | Build | Settlement |
| 8:09 | Create | Villager (Male) |
| 8:21 | Build | Palisade Wall |
| 8:28 | Build | Palisade Wall |
| 8:30 | Build | Palisade Wall |
| 8:31 | Build | Palisade Wall |
| 8:33 | Build | Palisade Wall |
| 8:34 | Build | Palisade Wall |
| 8:59 | Create | Villager (Male) |
| 9:10 | Build | Palisade Wall |
| 9:11 | Build | Palisade Wall |
| 9:12 | Build | Palisade Wall |
| 9:13 | Create | Villager (Male) |
| 9:35 | Build | Settlement |
| 9:38 | Create | Villager (Male) |
| 9:46 | Build | Palisade Wall |
| 9:56 | Create | Villager (Male) |
| 10:02 | Age | Feudal Age |
| 10:04 | Build | House |
| 10:10 | Create | Villager (Male) |
| 10:26 | Build | Watch Tower |
| 10:29 | Create | Villager (Male) |
| 10:37 | Create | Villager (Male) |
| 10:52 | Build | House |
| 10:56 | Research | Tech 1402 |
| 10:57 | Research | Tech 1402 |
| 10:58 | Create | Villager (Male) |
| 11:10 | Build | Palisade Wall |
| 11:17 | Build | Palisade Wall |
| 11:19 | Build | Palisade Wall |
| 11:20 | Create | Villager (Male) |
| 11:24 | Build | Palisade Wall |
| 11:25 | Build | Palisade Wall |
| 11:42 | Create | Villager (Male) |
| 11:54 | Research | Double-Bit Axe |
| 11:59 | Create | Villager (Male) |
| 12:12 | Build | Barracks |
| 12:16 | Build | Farm |
| 12:21 | Create | Villager (Male) |
| 12:32 | Build | Palisade Wall |
| 12:55 | Create | Villager (Male) |
| 13:02 | Build | Farm |
| 13:17 | Create | Villager (Male) |
| 13:19 | Build | Farm |
| 13:20 | Build | Farm |
| 13:31 | Create | Villager (Male) |
| 13:34 | Build | Farm |
| 13:37 | Create | Unit 2550 |
| 13:48 | Build | House |
| 13:52 | Create | Unit 2550 |
| 14:07 | Build | Watch Tower |
| 14:21 | Create | Unit 2550 |
| 14:22 | Build | Farm |
| 14:23 | Create | Villager (Male) |
| 14:33 | Create | Villager (Male) |
| 14:43 | Build | Blacksmith |
| 14:44 | Create | Villager (Male) |
| 15:04 | Create | Villager (Male) |
| 15:29 | Research | Scale Mail Armor |
| 15:33 | Build | Farm |
| 15:37 | Create | Villager (Male) |
| 15:41 | Build | Farm |
| 15:42 | Build | Farm |
| 16:04 | Create | Villager (Male) |
| 16:27 | Create | Villager (Male) |
| 16:34 | Build | Farm |
| 16:34 | Build | Farm |
| 16:35 | Build | Farm |
| 16:35 | Build | Farm |
| 16:38 | Create | Unit 2550 |
| 16:38 | Create | Unit 2550 |
| 16:53 | Create | Unit 2550 |
| 16:57 | Create | Villager (Male) |
| 16:59 | Create | Villager (Male) |
| 17:15 | Create | Villager (Male) |
| 17:18 | Create | Villager (Male) |
| 17:28 | Create | Unit 2550 |
| 17:30 | Build | Farm |
| 17:37 | Create | Villager (Male) |
| 17:41 | Create | Villager (Male) |
| 17:44 | Build | Market |
| 17:55 | Build | Farm |
| 18:21 | Build | Farm |
| 19:06 | Research | Castle Age |
| 19:07 | Research | Castle Age |
| 19:15 | Build | Farm |
| 19:16 | Build | Farm |
| 19:43 | Research | Forging |
| 19:43 | Research | Forging |
| 19:50 | Build | Farm |
| 19:51 | Build | Farm |
| 20:13 | Create | Unit 2550 |
| 20:36 | Create | Unit 2550 |
| 20:36 | Create | Unit 2550 |
| 20:56 | Research | Horse Collar |
| 20:56 | Research | Horse Collar |
| 20:57 | Create | Unit 2550 |
| 20:57 | Create | Unit 2550 |
| 21:18 | Create | Unit 2550 |
| 21:19 | Create | Unit 2550 |
| 21:46 | Age | Castle Age |
| 21:51 | Build | Watch Tower |
| 22:14 | Research | Tech 1351 |
| 22:14 | Research | Tech 1351 |
| 22:22 | Build | Farm |
| 22:23 | Create | Villager (Male) |
| 22:31 | Build | Farm |
| 22:40 | Create | Villager (Male) |
| 22:45 | Create | Villager (Male) |
| 22:52 | Create | Unit 2550 |
Build order — DK | Mauseren
First 150 of 529 actions detected
| 0:00 | Create | Villager (Male) |
| 0:00 | Create | Villager (Male) |
| 0:01 | Create | Villager (Male) |
| 0:02 | Build | House |
| 0:03 | Build | House |
| 0:15 | Create | Villager (Male) |
| 1:27 | Create | Villager (Male) |
| 1:55 | Build | Lumber Camp |
| 2:00 | Create | Villager (Male) |
| 2:13 | Create | Militia |
| 2:24 | Create | Villager (Male) |
| 2:26 | Create | Villager (Male) |
| 2:39 | Create | Militia |
| 3:01 | Create | Militia |
| 3:25 | Create | Villager (Male) |
| 3:30 | Create | Villager (Male) |
| 3:33 | Build | House |
| 4:00 | Create | Villager (Male) |
| 4:04 | Create | Villager (Male) |
| 4:14 | Create | Villager (Male) |
| 4:18 | Build | House |
| 5:28 | Research | Feudal Age |
| 6:15 | Create | Villager (Male) |
| 6:41 | Create | Villager (Male) |
| 7:21 | Research | Loom |
| 7:38 | Age | Feudal Age |
| 7:39 | Build | Mill |
| 7:44 | Build | Archery Range |
| 7:46 | Create | Villager (Male) |
| 7:47 | Research | Double-Bit Axe |
| 8:00 | Build | Mining Camp |
| 8:43 | Create | Villager (Male) |
| 8:59 | Build | House |
| 9:00 | Build | House |
| 9:22 | Create | Villager (Male) |
| 9:45 | Create | Villager (Male) |
| 9:49 | Build | House |
| 9:50 | Build | Palisade Wall |
| 9:51 | Build | House |
| 9:52 | Build | House |
| 10:03 | Build | Farm |
| 10:15 | Create | Villager (Male) |
| 10:26 | Create | Archer |
| 10:36 | Create | Archer |
| 10:46 | Create | Villager (Male) |
| 10:48 | Build | Farm |
| 10:50 | Build | Farm |
| 11:19 | Create | Villager (Male) |
| 11:24 | Create | Archer |
| 11:34 | Create | Archer |
| 11:38 | Create | Villager (Male) |
| 11:41 | Build | Farm |
| 11:50 | Build | House |
| 11:51 | Build | Palisade Wall |
| 11:56 | Create | Villager (Male) |
| 11:58 | Build | Farm |
| 12:08 | Create | Villager (Male) |
| 12:26 | Create | Villager (Male) |
| 12:31 | Create | Villager (Male) |
| 12:44 | Create | Villager (Male) |
| 12:51 | Build | Palisade Wall |
| 12:52 | Build | Palisade Wall |
| 13:01 | Create | Villager (Male) |
| 13:07 | Create | Villager (Male) |
| 13:25 | Create | Villager (Male) |
| 13:46 | Build | Blacksmith |
| 14:00 | Create | Villager (Male) |
| 14:15 | Create | Archer |
| 14:19 | Research | Fletching |
| 14:21 | Create | Villager (Male) |
| 14:37 | Create | Archer |
| 15:00 | Create | Villager (Male) |
| 15:03 | Build | Farm |
| 15:03 | Create | Villager (Male) |
| 15:06 | Build | Farm |
| 15:07 | Build | Farm |
| 15:08 | Build | Farm |
| 15:20 | Create | Archer |
| 15:22 | Build | House |
| 15:33 | Create | Archer |
| 15:35 | Create | Villager (Male) |
| 15:42 | Create | Villager (Male) |
| 15:43 | Build | House |
| 15:44 | Build | House |
| 15:49 | Create | Archer |
| 15:52 | Create | Villager (Male) |
| 16:03 | Create | Archer |
| 16:30 | Create | Archer |
| 16:31 | Build | House |
| 16:55 | Create | Archer |
| 17:00 | Create | Villager (Male) |
| 17:02 | Build | House |
| 17:02 | Build | House |
| 17:09 | Create | Villager (Male) |
| 17:19 | Create | Archer |
| 17:27 | Create | Villager (Male) |
| 17:30 | Create | Villager (Male) |
| 17:32 | Build | House |
| 17:34 | Build | House |
| 17:36 | Build | Farm |
| 17:36 | Create | Villager (Male) |
| 17:39 | Build | Farm |
| 17:42 | Build | Farm |
| 17:42 | Create | Villager (Male) |
| 17:45 | Build | Farm |
| 17:55 | Create | Villager (Male) |
| 18:03 | Build | House |
| 18:04 | Build | House |
| 18:05 | Build | Palisade Wall |
| 18:17 | Build | Farm |
| 18:18 | Build | Farm |
| 18:21 | Build | Farm |
| 18:25 | Create | Archer |
| 18:40 | Build | House |
| 18:42 | Build | Palisade Wall |
| 18:57 | Create | Villager (Male) |
| 19:01 | Build | Farm |
| 19:02 | Create | Villager (Male) |
| 19:04 | Build | Farm |
| 19:04 | Create | Villager (Male) |
| 19:05 | Build | Palisade Wall |
| 19:06 | Build | Palisade Wall |
| 19:21 | Create | Archer |
| 19:24 | Create | Archer |
| 19:27 | Create | Villager (Male) |
| 19:31 | Create | Villager (Male) |
| 19:33 | Create | Villager (Male) |
| 19:36 | Create | Villager (Male) |
| 19:44 | Create | Archer |
| 19:47 | Create | Villager (Male) |
| 19:49 | Build | Farm |
| 19:50 | Build | Farm |
| 20:15 | Create | Villager (Male) |
| 20:16 | Create | Archer |
| 20:36 | Build | Farm |
| 20:50 | Build | House |
| 20:51 | Build | House |
| 20:52 | Build | House |
| 21:19 | Research | Castle Age |
| 21:32 | Build | Farm |
| 21:49 | Create | Archer |
| 22:04 | Build | House |
| 22:30 | Create | Villager (Male) |
| 22:30 | Create | Archer |
| 22:49 | Create | Archer |
| 23:04 | Create | Archer |
| 23:09 | Build | House |
| 23:09 | Create | Villager (Male) |
| 23:14 | Build | Farm |
| 23:28 | Create | Archer |
Match timeline
| 3:23 | Lina · wall_segment Palisade Wall x3 |
| 7:38 | DK | Mauseren · age_up feudal |
| 7:44 | DK | Mauseren · first_building Archery Range |
| 8:21 | Lina · wall_segment Palisade Wall x1 |
| 8:28 | Lina · wall_segment Palisade Wall x1 |
| 8:30 | Lina · wall_segment Palisade Wall x1 |
| 8:31 | Lina · wall_segment Palisade Wall x1 |
| 8:33 | Lina · wall_segment Palisade Wall x1 |
| 8:34 | Lina · wall_segment Palisade Wall x1 |
| 9:10 | Lina · wall_segment Palisade Wall x1 |
| 9:11 | Lina · wall_segment Palisade Wall x1 |
| 9:12 | Lina · wall_segment Palisade Wall x1 |
| 9:46 | Lina · wall_segment Palisade Wall x1 |
| 9:50 | DK | Mauseren · wall_segment Palisade Wall x1 |
| 10:02 | Lina · age_up feudal |
| 11:10 | Lina · wall_segment Palisade Wall x2 |
| 11:17 | Lina · wall_segment Palisade Wall x1 |
| 11:19 | Lina · wall_segment Palisade Wall x6 |
| 11:24 | Lina · wall_segment Palisade Wall x4 |
| 11:25 | Lina · wall_segment Palisade Wall x1 |
| 11:51 | DK | Mauseren · wall_segment Palisade Wall x5 |
| 12:12 | Lina · first_building Barracks |
| 12:32 | Lina · wall_segment Palisade Wall x1 |
| 12:51 | DK | Mauseren · wall_segment Palisade Wall x1 |
| 12:52 | DK | Mauseren · wall_segment Palisade Wall x1 |
| 18:05 | DK | Mauseren · wall_segment Palisade Wall x1 |
| 18:42 | DK | Mauseren · wall_segment Palisade Wall x6 |
| 18:45 | Lina · first_market_buy 100 food |
| 18:48 | Lina · first_market_sell 100 stone |
| 19:05 | DK | Mauseren · wall_segment Palisade Wall x1 |
| 19:06 | DK | Mauseren · wall_segment Palisade Wall x1 |
| 21:46 | Lina · age_up castle |
| 23:59 | DK | Mauseren · age_up castle |
| 25:02 | Lina · first_building Siege Workshop |
| 27:55 | Lina · first_building Monastery |
| 29:25 | DK | Mauseren · first_building Castle |
| 29:34 | DK | Mauseren · first_building Stable |
| 30:14 | DK | Mauseren · first_building Monastery |
| 35:10 | DK | Mauseren · first_building Siege Workshop |
| 37:51 | DK | Mauseren · first_market_buy 100 stone |
| 38:58 | Lina · first_building Castle |
| 39:11 | Lina · age_up imperial |
| 43:03 | DK | Mauseren · age_up imperial |
| 53:28 | Lina · resign |
[ AI ANALYSIS · 1 CREDIT ]
What really happened in this match?
Wolo.gg analyzes every decision: build order, eco, micro, common mistakes by bracket. Personalized analysis on WhatsApp or Discord in 30 seconds.
Civ guide
Tupi
Perfil
Jugador #299269